 Dungeon Crawl Stone Soup version 0.29-a0-330-g52719c12eb (webtiles) character file.

Game seed: 4040510115009714091

154 kae the Firebug (level 4, -6/33 HPs)
             Began as a Demigod Fire Elementalist on Apr 28, 2022.
             Mangled by a gnoll sergeant
             ... wielding a +0 spear
              (7 damage)
             ... on level 2 of the Dungeon.
             The game lasted 00:02:19 (4346 turns).

kae the Firebug (Demigod Fire Elementalist)         Turns: 4346, Time: 00:02:19

Health: -6/33      AC:  4    Str:  9    XL:     4   Next: 89%
Magic:  4/10       EV: 13    Int: 21    God:
Gold:   166        SH:  0    Dex: 17    Spells: 2/8 levels left

rFire   . . .      SeeInvis .   m - +9 dagger of Floral Resourcefulness {flame, Fly rCorr Dex+3}
rCold   . . .      Faith    .   (no shield)
rNeg    . . .      Spirit   .   a - +0 robe
rPois   .          Reflect  .   (no helmet)
rElec   .          Harm     .   (no cloak)
rCorr   +          Rampage  .   c - +1 pair of gloves
Will    .....                   (no boots)
Stlth   ++........              (no amulet)
HPRegen 0.11/turn               (no ring)
MPRegen 0.12/turn               (no ring)

@: flying
A: high MP 1, forlorn, divine attributes
a: no special abilities


You were on level 2 of the Dungeon.
You visited 1 branch of the dungeon, and saw 3 of its levels.

You collected 166 gold pieces.

Inventory:

Hand Weapons
 f - a +0 whip
 h - a +2 dagger of speed
 m - the +9 dagger of Floral Resourcefulness (weapon) {flame, Fly rCorr Dex+3}
   (You found it on level 2 of the Dungeon)

   It burns those it strikes, dealing additional fire damage.
   Dex:       It affects your dexterity (+3).
   Fly:       It grants you flight.
   rCorr:     It protects you from acid and corrosion.
Armour
 a - a +0 robe (worn)
 c - a +1 pair of gloves (worn)
Wands
 e - a wand of mindburst (15)
Scrolls
 b - a scroll of amnesia {unknown}
 j - 3 scrolls of identify
Potions
 d - 3 potions of curing
 g - 3 potions of flight
 i - a potion of invisibility {unknown}
 k - a potion of mutation {unknown}
 l - a potion of degeneration {unknown}


   Skills:
 + Level 2.7 Dodging
 + Level 2.7 Stealth
 + Level 2.5 Spellcasting
 + Level 2.1 Conjurations
 + Level 3.3 Fire Magic


You had 2 spell levels left.
You knew the following spells:

 Your Spells              Type           Power      Damage    Failure   Level
a - Foxfire               Conj/Fire      56%        2x1d6     4%          1
b - Scorch                Fire           32%        2d7       5%          2
c - Conjure Flame         Conj/Fire      14%        6-21      14%         3

Your spell library contained the following spells:

 Spells                   Type           Power      Damage    Failure   Level
 Shock                    Conj/Air       28%        1d4       9%          1
 Inner Flame              Hex/Fire       9%         N/A       22%         3
 Swiftness                Air            2%         N/A       38%         3
 Flame Wave               Conj/Fire      14%        2d6       41%         4
 Airstrike                Air            1%         N/A       80%         4


Dungeon Overview and Level Annotations

Branches:
Dungeon (3/15)

Shops:
D:1 !   D:2 [


Innate Abilities, Weirdness & Mutations

You have an increased reservoir of magic. (+10% MP)
You shall have no god before yourself.
Your divine heritage dramatically boosts your attributes as you level up.


Message History

The gnoll sergeant attacks as you move away!
The gnoll sergeant hits you but does no damage.
The gnoll sergeant closely misses you.
There is a stone staircase leading up here.
The gnoll sergeant hits you from afar with a +0 spear!
* * * LOW HITPOINT WARNING * * *
You fly upwards.
There is a stone staircase leading down here.
You start resting.
Magic restored.
HP restored.
There is a stone staircase leading down here.
You fly downwards.
The gnoll barely misses you. The gnoll sergeant closely misses you.
The gnoll sergeant barely misses you. The gnoll barely misses you.
There is a stone staircase leading up, spattered with blood here.
The gnoll closely misses you.
The gnoll sergeant hits you with a +0 spear!
You fly upwards.
There is a stone staircase leading down here.
Casting: Foxfire (safe; 4% risk of failure)
Confirm with . or Enter, or press ? or * to list all spells.
Flames lash the gnoll sergeant.
The gnoll sergeant is moderately wounded.
The gnoll sergeant's fire resistance burns away.
The gnoll sergeant hits you with a +0 spear.
The gnoll sergeant barely misses you.
Casting: Scorch (safe; 5% risk of failure)
Confirm with . or Enter, or press ? or * to list all spells.
Flames lash the gnoll sergeant.
The gnoll sergeant is burned terribly!
The gnoll sergeant is heavily wounded.
The gnoll sergeant hits you with a +0 spear!
The gnoll sergeant hits you with a +0 spear!
* * * LOW HITPOINT WARNING * * *
Casting: Scorch (safe; 5% risk of failure)
Confirm with . or Enter, or press ? or * to list all spells.
Flames lash the gnoll sergeant.
The gnoll sergeant is burned terribly!
The gnoll sergeant is almost dead.
The gnoll sergeant hits you with a +0 spear!
You die...

#.......# #.# #####.#
#(####### #.# #.# #.#
######.# #.# #)# #......#
#.# #.# #.#############.#
#.# #.# #.......## #.# #.#
#.#####..# #.### #.#######.#
#..### #...# ###..@g.....#
#....# ###.###...........#
#.##..
#........>....#.#####....#
###.###<####.##.#........###
##...###.####.##.######...#
# ##.###.##.#....##.# ##.##
# #.## ##.#.#.#####.###
##...# # #.# #.#.#.# #.....#
#..#.# # #.##
##.#.#.###.###.###....# #


You could see a gnoll sergeant (combustible).

Vanquished Creatures
  Terence (D:2)
  Robin (D:2)
  4 adders
  A worm (D:3)
  4 ball pythons
  4 bats
  5 endoplasms
  4 giant cockroaches
  14 goblins
  10 hobgoblins
  4 jackals
  5 kobolds
  5 quokkas
  3 frilled lizards
  4 rats
  A spectral goblin (D:2)
70 creatures vanquished.

Vanquished Creatures (others)
  171 foxfires
171 creatures vanquished.

Grand Total: 241 creatures vanquished

Notes
Turn   | Place    | Note
-------+----------+-------------------------------------------
     0 | D:1      | kae the Demigod Fire Elementalist began the quest for the
                  | Orb.
     0 | D:1      | Reached XP level 1. HP: 14/14 MP: 5/5
    98 | D:1      | Reached skill level 1 in Conjurations
   367 | D:1      | Reached XP level 2. HP: 20/20 MP: 4/7
   410 | D:1      | Learned a level 2 spell: Scorch
   701 | D:1      | Found Seivy's Distillery.
  1304 | D:2      | Reached skill level 3 in Fire Magic
  1304 | D:2      | Reached XP level 3. HP: 24/26 MP: 0/8
  1434 | D:2      | Found Jumoul's Armour Emporium.
  1737 | D:2      | Noticed Robin
  1782 | D:2      | Killed Robin
  2027 | D:2      | Noticed Terence
  2037 | D:2      | Killed Terence
  2038 | D:2      | Reached XP level 4. HP: 33/33 MP: 2/10
  2441 | D:2      | Identified the +9 dagger of Floral Resourcefulness {flame,
                  | Fly rCorr Dex+3}
  3159 | D:3      | Noticed a gnoll sergeant
  3520 | D:3      | Learned a level 3 spell: Conjure Flame
  4052 | D:3      | HP: 1/33 [gnoll sergeant/+0 spear (9)]
  4345 | D:2      | HP: 1/33 [gnoll sergeant/+0 spear (9)]
  4346 | D:2      | Mangled by a gnoll sergeant

Illustrated notes

Levels and vault maps discovered:
D:1:      dpeg_arrival_lava_temple_mockup, layout_basic, serial_shops,
          nicolae_shop_crystal
D:2:      layout_loops_ring, dreamdust_ecumenical_altar_drowned_temple,
          basic_altar, serial_shops, shop, uniq_robin, uniq_terence
D:3:      layout_loops_ring

Skill      XL: |  1  2  3  4 |
---------------+-------------+-----
Conjurations   | 1 2 |  2.1
Stealth        | 2 |  2.7
Dodging        | 2 |  2.7
Spellcasting   | 2 |  2.5
Fire Magic     | 3 |  3.3

Action                   |  1- 3 |  4- 6 || total
-------------------------+-------+-------++-------
Melee: Unarmed           |     2 |       ||     2
       Dagger            |    58 |     9 ||    67
       Punch             |     1 |       ||     1
 Cast: Foxfire           |    76 |    34 ||   110
       Scorch            |    11 |     7 ||    18
       Conjure Flame     |       |     1 ||     1
  Use: Scroll            |     1 |     3 ||     4
       Potion            |     1 |       ||     1
 Stab: Sleeping          |       |     2 ||     2
Armor: Robe              |    16 |     6 ||    22
Dodge: Dodged            |    44 |    17 ||    61

Table legend: (Time is in decaauts)
 A = Elapsed time spent in this place.
 B = Non-inter-level travel time spent in this place.
 C = Inter-level travel time spent in this place.
 D = Time resting spent in this place.
 E = Time spent auto-exploring this place.
 F = Levels seen in this place.
 G = Mean time per level.
                   A        B        C        D        E       F      G
               +--------+--------+--------+--------+--------+-----+--------+
         Total |   4337 |   4281 |     56 |    901 |   2838 |   3 | 1445.7 |
       Dungeon |   4337 |   4281 |     56 |    901 |   2838 |   3 | 1445.7 |
               +--------+--------+--------+--------+--------+-----+--------+

Top non-repeatable levels by time:
     D:2: 1946 daAuts
     D:1: 1210 daAuts
     D:3: 1180 daAuts
